| Goals | Penalties |
No Goal
|
|
1. Islanders , Nicklas Backstrom 17 (Ethan Del Mastro 4, Corey Schueneman 4) at 14:17 (PP)
|
Oliver Kylington (LOS) for Slashing (Minor) at 14:05
|
2. Reign , Martin Pospisil 14 (Nick DeSimone 6, Jacob Peterson 17) at 0:12
|
|
No Goal
|
|
Reign, Georgii Merkulov - Goal!
Islanders, Nicklas Backstrom - Shot Misses the Net
Reign, Jacob Peterson - Stopped by Hugo Alnefelt
Islanders, Matt Coronato - Shot Hit the Post
Reign, Martin Pospisil - Shot Misses the Net
Islanders, Ben Meyers - Shot Misses the Net
|
|
|
Jet Greaves (LOS), 7 saves from 8 shots - (0,875), W, 15-28-10, 65:00 minutes
Hugo Alnefelt (NYI), 4 saves from 5 shots - (0,800), OTL, 11-7-4, 65:00 minutes
|
|
1 - Martin Pospisil (LOS)
2 - Nick DeSimone (LOS)
3 - Jacob Peterson (LOS)
|
Referees : Brandon Schrader and Jon McIsaac
Linesman : Owen Gidlow and Diana Mokhova
|
|
| No Game Note
|
| Team Name |
Goals |
Shots |
Shots Attemp |
Shots Blocked |
PIM |
HIT |
PP |
PK |
FO% |
| Reign |
2 | 5 | 8 | 2 | 2 | 17 | 0 / 0 (0% | 1 | 42% |
| Islanders |
1 | 8 | 14 | 1 | 0 | 24 | 1 / 1 (100%) | 0 | 58% |
Reign
| Player Name |
POS |
G |
A |
P |
+/- |
PIM |
HIT |
SHT |
SB |
MP |
PP MP |
PP SHT |
PK MP |
PK SHT |
FO% |
FOT |
GA |
TA |
| Albert Johansson | D | 0 | 0 | 0 | 0 | 0 | 0 | 0 | 0 | 3:05 | 0:00 | 0 | 0:00 | 0 | 0% |
0 | 0 | 0 |
| Alex Turcotte | C | 0 | 0 | 0 | 0 | 0 | 2 | 0 | 0 | 20:11 | 0:00 | 0 | 0:00 | 0 | 50% |
4 | 0 | 0 |
| Cal Foote | D | 0 | 0 | 0 | 0 | 0 | 1 | 0 | 1 | 27:01 | 0:00 | 0 | 0:12 | 0 | 0% |
0 | 0 | 0 |
| Carter Mazur | LW | 0 | 0 | 0 | 0 | 0 | 1 | 0 | 0 | 19:28 | 0:00 | 0 | 0:00 | 0 | 25% |
4 | 0 | 0 |
| Danil Gushchin | LW | 0 | 0 | 0 | 0 | 0 | 1 | 0 | 0 | 12:12 | 0:00 | 0 | 0:00 | 0 | 0% |
0 | 0 | 0 |
| Georgii Merkulov | LW | 0 | 0 | 0 | 0 | 0 | 0 | 0 | 0 | 20:15 | 0:00 | 0 | 0:00 | 0 | 0% |
0 | 1 | 0 |
| Jacob Bernard-Docker | D | 0 | 0 | 0 | 0 | 0 | 0 | 1 | 0 | 4:51 | 0:00 | 0 | 0:00 | 0 | 0% |
0 | 0 | 0 |
| Jacob Peterson | C/LW | 0 | 1 | 1 | 1 | 0 | 0 | 1 | 0 | 22:47 | 0:00 | 0 | 0:12 | 0 | 50% |
10 | 1 | 0 |
| Kevin Korchinski | D | 0 | 0 | 0 | 0 | 0 | 0 | 0 | 0 | 24:00 | 0:00 | 0 | 0:00 | 0 | 0% |
0 | 0 | 0 |
| Louie Belpedio | D | 0 | 0 | 0 | 0 | 0 | 0 | 0 | 0 | 9:42 | 0:00 | 0 | 0:00 | 0 | 0% |
0 | 0 | 0 |
| Martin Pospisil | RW | 1 | 0 | 1 | 1 | 0 | 1 | 2 | 1 | 22:20 | 0:00 | 0 | 0:12 | 0 | 33% |
6 | 0 | 1 |
| Nick DeSimone | D | 0 | 1 | 1 | 1 | 0 | 1 | 0 | 0 | 25:06 | 0:00 | 0 | 0:12 | 0 | 0% |
0 | 1 | 0 |
| Nikolas Matinpalo | D | 0 | 0 | 0 | 0 | 0 | 0 | 0 | 0 | 16:18 | 0:00 | 0 | 0:00 | 0 | 0% |
0 | 1 | 0 |
| Oliver Kylington | D | 0 | 0 | 0 | 1 | 2 | 4 | 0 | 0 | 25:25 | 0:00 | 0 | 0:00 | 0 | 0% |
0 | 0 | 0 |
| Pavol Regenda | LW/RW | 0 | 0 | 0 | 0 | 0 | 2 | 1 | 0 | 15:35 | 0:00 | 0 | 0:00 | 0 | 0% |
0 | 0 | 0 |
| Rasmus Kupari | C/LW/RW | 0 | 0 | 0 | 0 | 0 | 1 | 0 | 0 | 22:53 | 0:00 | 0 | 0:00 | 0 | 50% |
2 | 0 | 0 |
| Shakir Mukhamadullin | D | 0 | 0 | 0 | 0 | 0 | 0 | 0 | 0 | 0:19 | 0:00 | 0 | 0:00 | 0 | 0% |
0 | 0 | 0 |
| Vinnie Hinostroza | LW/RW | 0 | 0 | 0 | 1 | 0 | 3 | 0 | 0 | 23:19 | 0:00 | 0 | 0:00 | 0 | 0% |
0 | 1 | 0 |
Islanders
| Player Name |
POS |
G |
A |
P |
+/- |
PIM |
HIT |
SHT |
SB |
MP |
PP MP |
PP SHT |
PK MP |
PK SHT |
FO% |
FOT |
GA |
TA |
| Ben Meyers | C/LW | 0 | 0 | 0 | 0 | 0 | 1 | 0 | 0 | 20:56 | 0:00 | 0 | 0:00 | 0 | 67% |
9 | 0 | 0 |
| Brandon Gignac | C | 0 | 0 | 0 | 0 | 0 | 0 | 0 | 0 | 11:15 | 0:00 | 0 | 0:00 | 0 | 0% |
0 | 0 | 1 |
| Collin Graf | C/RW | 0 | 0 | 0 | 0 | 0 | 3 | 0 | 0 | 21:21 | 0:00 | 0 | 0:00 | 0 | 67% |
3 | 0 | 0 |
| Conor Timmins | D | 0 | 0 | 0 | -1 | 0 | 0 | 2 | 0 | 24:09 | 0:00 | 0 | 0:00 | 0 | 0% |
0 | 0 | 1 |
| Corey Schueneman | D | 0 | 1 | 1 | 0 | 0 | 0 | 1 | 0 | 23:59 | 0:09 | 1 | 0:00 | 0 | 0% |
0 | 0 | 0 |
| David Farrance | D | 0 | 0 | 0 | 0 | 0 | 0 | 0 | 0 | 3:01 | 0:00 | 0 | 0:00 | 0 | 0% |
0 | 0 | 0 |
| Dylan Coghlan | D | 0 | 0 | 0 | -1 | 0 | 0 | 1 | 0 | 25:23 | 0:12 | 0 | 0:00 | 0 | 0% |
0 | 0 | 1 |
| Emil Lilleberg | D | 0 | 0 | 0 | 0 | 0 | 4 | 0 | 0 | 24:16 | 0:00 | 0 | 0:00 | 0 | 0% |
0 | 0 | 1 |
| Ethan Del Mastro | D | 0 | 1 | 1 | 0 | 0 | 3 | 0 | 0 | 22:27 | 0:03 | 0 | 0:00 | 0 | 0% |
0 | 0 | 0 |
| Jackson Cates | C/LW/RW | 0 | 0 | 0 | 0 | 0 | 4 | 0 | 0 | 17:35 | 0:00 | 0 | 0:00 | 0 | 0% |
0 | 0 | 0 |
| Jakub Galvas | D | 0 | 0 | 0 | 0 | 0 | 0 | 0 | 0 | 0:52 | 0:00 | 0 | 0:00 | 0 | 0% |
0 | 0 | 0 |
| Mason Shaw | C/LW | 0 | 0 | 0 | 0 | 0 | 1 | 1 | 0 | 21:22 | 0:00 | 0 | 0:00 | 0 | 25% |
4 | 0 | 0 |
| Matt Coronato | RW | 0 | 0 | 0 | -1 | 0 | 5 | 1 | 0 | 22:34 | 0:12 | 1 | 0:00 | 0 | 0% |
1 | 1 | 1 |
| Matthew Strome | LW | 0 | 0 | 0 | 0 | 0 | 0 | 0 | 0 | 17:36 | 0:00 | 0 | 0:00 | 0 | 0% |
0 | 0 | 0 |
| Mitchell Vande Sompel | D | 0 | 0 | 0 | 0 | 0 | 1 | 0 | 0 | 7:45 | 0:00 | 0 | 0:00 | 0 | 0% |
0 | 0 | 0 |
| Nicklas Backstrom | C | 1 | 0 | 1 | -1 | 0 | 1 | 2 | 0 | 24:17 | 0:12 | 1 | 0:00 | 0 | 63% |
8 | 0 | 0 |
| Ryan Schmelzer | C | 0 | 0 | 0 | -1 | 0 | 1 | 0 | 1 | 21:45 | 0:12 | 0 | 0:00 | 0 | 100% |
1 | 0 | 0 |
| Taro Hirose | LW | 0 | 0 | 0 | 0 | 0 | 0 | 0 | 0 | 4:27 | 0:00 | 0 | 0:00 | 0 | 0% |
0 | 0 | 0 |
Reign
| 5 vs 5 Forward |
|---|
| Line # | Left Wing | Center | Right Wing | PHY | DF | OF | Wanted % | Time % | Time Play |
| 1 | Martin Pospisil | Jacob Peterson | Vinnie Hinostroza | 1 | 0 | 4 | 44 | 40% | 23:55
|
| 2 | Georgii Merkulov | Martin Pospisil | Rasmus Kupari | 4 | 0 | 1 | 32 | 42% | 25:18
|
| 3 | Vinnie Hinostroza | Jacob Peterson | Martin Pospisil | 2 | 3 | 0 | 16 | 13% | 7:29
|
| 4 | Vinnie Hinostroza | Jacob Peterson | Martin Pospisil | 2 | 1 | 2 | 8 | 5% | 3:06
|
| 5 vs 5 Defense |
|---|
| Line # | Defense | Defense | | PHY | DF | OF | Wanted % | Time % | Time Play |
| 1 | Oliver Kylington | Nick DeSimone | | 2 | 2 | 1 | 45 | 39% | 23:28
|
| 2 | Oliver Kylington | Cal Foote | | 2 | 0 | 3 | 30 | 35% | 20:47
|
| 3 | Oliver Kylington | Nick DeSimone | | 1 | 4 | 0 | 20 | 13% | 8:01
|
| 4 | Kevin Korchinski | Oliver Kylington | | 1 | 2 | 2 | 5 | 13% | 7:32
|
| Power Play Forward |
|---|
| Line # | Left Wing | Center | Right Wing | PHY | DF | OF | Wanted % | Time % | Time Play |
| 1 | Martin Pospisil | Jacob Peterson | Vinnie Hinostroza | 1 | 1 | 3 | 70 | 0% | 0:00
|
| 2 | Vinnie Hinostroza | Jacob Peterson | Martin Pospisil | 1 | 0 | 4 | 30 | 0% | 0:00
|
| Power Play Defense |
|---|
| Line # | Defense | Defense | | PHY | DF | OF | Wanted % | Time % | Time Play |
| 1 | Oliver Kylington | Nick DeSimone | | 0 | 2 | 3 | 63 | 0% | 0:00
|
| 2 | Oliver Kylington | Nick DeSimone | | 1 | 2 | 2 | 37 | 0% | 0:00
|
| Penalty Kill 4 Players Forward |
|---|
| Line # | Center | Wing | PHY | DF | OF | Wanted % | Time % | Time Play |
| 1 | Jacob Peterson | Martin Pospisil | 1 | 3 | 1 | 60 | 100% | 0:12
|
| 2 | Jacob Peterson | Vinnie Hinostroza | 1 | 4 | 0 | 40 | 0% | 0:00
|
| Penalty Kill 4 Players Defense |
|---|
| Line # | Defense | Defense | PHY | DF | OF | Wanted % | Time % | Time Play |
| 1 | Oliver Kylington | Nick DeSimone | 1 | 2 | 2 | 60 | 100% | 0:12
|
| 2 | Oliver Kylington | Nick DeSimone | 1 | 2 | 2 | 40 | 0% | 0:00
|
| Penalty Kill 3 Players |
|---|
| Line # | Wing | PHY | DF | OF | Wanted % | Time % | Time Play | Defense | Defense | PHY | DF | OF | Wanted % | Time % | Time Play |
| 1 | Jacob Peterson | 1 | 4 | 0 | 51 | 0% | 0:00
| Oliver Kylington | Nick DeSimone | 1 | 2 | 2 | 60 | 0% | 0:00
|
| 2 | Jacob Peterson | 0 | 4 | 1 | 49 | 0% | 0:00
| Oliver Kylington | Nick DeSimone | 1 | 2 | 2 | 40 | 0% | 0:00
|
| 4 vs 4 Forward |
|---|
| Line # | Center | Wing | PHY | DF | OF | Wanted % | Time % | Time Play |
| 1 | Jacob Peterson | Martin Pospisil | 2 | 1 | 2 | 60 | 0% | 0:00
|
| 2 | Jacob Peterson | Martin Pospisil | 1 | 1 | 3 | 40 | 0% | 0:00
|
| 4 vs 4 Defense |
|---|
| Line # | Defense | | PHY | DF | OF | Wanted % | Time % | Time Play |
| 1 | Oliver Kylington | Nick DeSimone | 1 | 3 | 1 | 60 | 0% | 0:00
|
| 2 | Nick DeSimone | Oliver Kylington | 1 | 3 | 1 | 40 | 0% | 0:00
|
| Last Minutes Offensive |
|---|
| Left Wing | Center | Right Wing | Defense | Defense |
| Martin Pospisil | Jacob Peterson | Vinnie Hinostroza | Oliver Kylington | Nick DeSimone |
| Last Minutes Defensive |
|---|
| Left Wing | Center | Right Wing | Defense | Defense |
| Martin Pospisil | Jacob Peterson | Vinnie Hinostroza | Oliver Kylington | Nick DeSimone |
| Time |
|---|
| Total Forward | Total Defense | Last Minutes Offensive | Last Minutes Defensive |
| 60:00 |
60:00 |
0:00 | 0:00 |
| Extra Forwards |
|---|
| Normal | PowerPlay | Penalty Kill |
|
Jacob Peterson, Georgii Merkulov, Martin Pospisil | Jacob Peterson, Martin Pospisil | Jacob Peterson |
| Extra Defensemen |
|---|
| Normal | PowerPlay | Penalty Kill |
|
Oliver Kylington, Nick DeSimone, Cal Foote | Oliver Kylington, Oliver Kylington | Nick DeSimone |
| Penalty Shots |
|---|
|
Georgii Merkulov, Jacob Peterson, Martin Pospisil, Vinnie Hinostroza, Rasmus Kupari |
| Goalie |
|---|
| Jet Greaves, Vadim Zherenko |
| Scratches |
|---|
|
Dylan Wendt (Healthy), Ethan Samson (Healthy), Gannon Laroque (Healthy), Hardy Haman Aktell (Healthy), James Malatesta (Healthy)
Jared Davidson (Healthy), Ryan Tverberg (Healthy), Sam Morton (Healthy), Viktor Neuchev (Healthy), Nolan Stevens (Healthy)
Jan Jenik (Healthy), Michal Teply (Healthy), Ryan Jones (Healthy), Colin Theisen (Healthy), Lukas Rousek (Healthy)
Nathan Smith (Healthy), Nick Cicek (Healthy), Samuel Laberge (Healthy), Parker Ford (Healthy), Drew Commesso (Healthy)
Georgi Romanov (Healthy), Nikita Tolopilo (Healthy), Calle Clang (Healthy) |
Islanders
| 5 vs 5 Forward |
|---|
| Line # | Left Wing | Center | Right Wing | PHY | DF | OF | Wanted % | Time % | Time Play |
| 1 | Matt Coronato | Nicklas Backstrom | Ryan Schmelzer | 1 | 2 | 2 | 40 | 36% | 21:42
|
| 2 | Nicklas Backstrom | Ben Meyers | Matt Coronato | 1 | 2 | 2 | 30 | 36% | 21:37
|
| 3 | Ryan Schmelzer | Ben Meyers | Matt Coronato | 1 | 2 | 2 | 20 | 20% | 11:58
|
| 4 | Ryan Schmelzer | Nicklas Backstrom | Matt Coronato | 1 | 2 | 2 | 10 | 8% | 4:31
|
| 5 vs 5 Defense |
|---|
| Line # | Defense | Defense | | PHY | DF | OF | Wanted % | Time % | Time Play |
| 1 | Dylan Coghlan | Conor Timmins | | 1 | 2 | 2 | 40 | 37% | 22:17
|
| 2 | Emil Lilleberg | Corey Schueneman | | 1 | 2 | 2 | 30 | 34% | 20:21
|
| 3 | Dylan Coghlan | Ethan Del Mastro | | 1 | 2 | 2 | 20 | 17% | 9:54
|
| 4 | Corey Schueneman | Ethan Del Mastro | | 1 | 2 | 2 | 10 | 12% | 7:16
|
| Power Play Forward |
|---|
| Line # | Left Wing | Center | Right Wing | PHY | DF | OF | Wanted % | Time % | Time Play |
| 1 | Matt Coronato | Nicklas Backstrom | Ryan Schmelzer | 1 | 2 | 2 | 60 | 100% | 0:12
|
| 2 | Matt Coronato | Ryan Schmelzer | Nicklas Backstrom | 1 | 2 | 2 | 40 | 0% | 0:00
|
| Power Play Defense |
|---|
| Line # | Defense | Defense | | PHY | DF | OF | Wanted % | Time % | Time Play |
| 1 | Dylan Coghlan | Corey Schueneman | | 1 | 2 | 2 | 60 | 75% | 0:09
|
| 2 | Ethan Del Mastro | Dylan Coghlan | | 1 | 2 | 2 | 40 | 25% | 0:03
|
| Penalty Kill 4 Players Forward |
|---|
| Line # | Center | Wing | PHY | DF | OF | Wanted % | Time % | Time Play |
| 1 | Matt Coronato | Ryan Schmelzer | 1 | 2 | 2 | 60 | 0% | 0:00
|
| 2 | Ryan Schmelzer | Matt Coronato | 1 | 2 | 2 | 40 | 0% | 0:00
|
| Penalty Kill 4 Players Defense |
|---|
| Line # | Defense | Defense | PHY | DF | OF | Wanted % | Time % | Time Play |
| 1 | Corey Schueneman | Dylan Coghlan | 1 | 2 | 2 | 60 | 0% | 0:00
|
| 2 | Ethan Del Mastro | Dylan Coghlan | 1 | 2 | 2 | 40 | 0% | 0:00
|
| Penalty Kill 3 Players |
|---|
| Line # | Wing | PHY | DF | OF | Wanted % | Time % | Time Play | Defense | Defense | PHY | DF | OF | Wanted % | Time % | Time Play |
| 1 | Matt Coronato | 1 | 2 | 2 | 60 | 0% | 0:00
| Dylan Coghlan | Corey Schueneman | 1 | 2 | 2 | 60 | 0% | 0:00
|
| 2 | Matt Coronato | 1 | 2 | 2 | 40 | 0% | 0:00
| Dylan Coghlan | Ethan Del Mastro | 1 | 2 | 2 | 40 | 0% | 0:00
|
| 4 vs 4 Forward |
|---|
| Line # | Center | Wing | PHY | DF | OF | Wanted % | Time % | Time Play |
| 1 | Matt Coronato | Ryan Schmelzer | 1 | 2 | 2 | 60 | 0% | 0:00
|
| 2 | Nicklas Backstrom | Matt Coronato | 1 | 2 | 2 | 40 | 0% | 0:00
|
| 4 vs 4 Defense |
|---|
| Line # | Defense | | PHY | DF | OF | Wanted % | Time % | Time Play |
| 1 | Corey Schueneman | Dylan Coghlan | 1 | 2 | 2 | 60 | 0% | 0:00
|
| 2 | Dylan Coghlan | Corey Schueneman | 1 | 2 | 2 | 40 | 0% | 0:00
|
| Last Minutes Offensive |
|---|
| Left Wing | Center | Right Wing | Defense | Defense |
| Matt Coronato | Nicklas Backstrom | Ryan Schmelzer | Conor Timmins | Dylan Coghlan |
| Last Minutes Defensive |
|---|
| Left Wing | Center | Right Wing | Defense | Defense |
| Matt Coronato | Nicklas Backstrom | Ryan Schmelzer | Conor Timmins | Dylan Coghlan |
| Time |
|---|
| Total Forward | Total Defense | Last Minutes Offensive | Last Minutes Defensive |
| 60:00 |
60:00 |
0:00 | 0:00 |
| Extra Forwards |
|---|
| Normal | PowerPlay | Penalty Kill |
|
Ryan Schmelzer, Nicklas Backstrom, Matt Coronato | Matt Coronato, Ryan Schmelzer | Matt Coronato |
| Extra Defensemen |
|---|
| Normal | PowerPlay | Penalty Kill |
|
Dylan Coghlan, Corey Schueneman, Conor Timmins | Dylan Coghlan, Corey Schueneman | Jakub Galvas |
| Penalty Shots |
|---|
|
Nicklas Backstrom, Matt Coronato, Ben Meyers, Ryan Schmelzer, Collin Graf |
| Goalie |
|---|
| Hugo Alnefelt, Dennis Hildeby |
| Scratches |
|---|
|
Brent Gates Jr. (Healthy), Dmitry Osipov (Healthy), Ryan Hofer (Healthy), Stephen Halliday (Healthy), Libor Hajek (Healthy)
Jordy Bellerive (Healthy), Nicolas Meloche (Healthy), Brendan Warren (Healthy), Cameron Hillis (Healthy), Tyler Madden (Healthy)
Hayden Hodgson (Healthy), Seth Barton (Healthy), Henri Nikkanen (Healthy), Ty Tullio (Healthy), Thomas Milic (Healthy)
Mike Smith (Healthy), Hunter Jones (Healthy) |
Play-by-Play
1st period
0:01 of 1st period - Jacob Peterson wins face-off versus Matt Coronato in neutral zone.
0:04 of 1st period - Wrist shot by Jacob Peterson.
0:04 of 1st period - Stopped by Hugo Alnefelt with a rebound.
0:10 of 1st period - Slapshot by Conor Timmins.
0:10 of 1st period - Stopped by Jet Greaves without a rebound.
0:11 of 1st period - Ben Meyers wins face-off versus Martin Pospisil in Reign zone.
0:36 of 1st period - Emil Lilleberg is hit by Oliver Kylington and loses puck.
1:02 of 1st period - Mason Shaw is hit by Alex Turcotte and loses puck.
1:07 of 1st period - Slapshot by Kevin Korchinski.
1:07 of 1st period - Shot Blocked by Ryan Schmelzer.
1:17 of 1st period - Cal Foote is hit by Ethan Del Mastro.
1:40 of 1st period - Rasmus Kupari is hit by Collin Graf and loses puck.
2:39 of 1st period - Carter Mazur is hit by Emil Lilleberg and loses puck.
3:02 of 1st period - Ben Meyers is hit by Pavol Regenda and loses puck.
3:57 of 1st period - Corey Schueneman is hit by Martin Pospisil.
4:05 of 1st period - Icing by Martin Pospisil.
4:06 of 1st period - Martin Pospisil wins face-off versus Ben Meyers in Reign zone.
4:55 of 1st period - Ben Meyers is hit by Oliver Kylington and loses puck.
5:59 of 1st period - Jacob Peterson is hit by Emil Lilleberg and loses puck.
6:21 of 1st period - Icing by Nick DeSimone.
6:22 of 1st period - Alex Turcotte wins face-off versus Collin Graf in Reign zone.
8:27 of 1st period - Slapshot by Dylan Coghlan.
8:27 of 1st period - Stopped by Jet Greaves without a rebound.
8:28 of 1st period - Jacob Peterson wins face-off versus Mason Shaw in Reign zone.
12:28 of 1st period - Matthew Strome is hit by Vinnie Hinostroza and loses puck.
13:27 of 1st period - Martin Pospisil is hit by Ethan Del Mastro and loses puck.
14:19 of 1st period - Georgii Merkulov is hit by Mitchell Vande Sompel and loses puck.
15:53 of 1st period - Icing by Nikolas Matinpalo.
15:54 of 1st period - Rasmus Kupari wins face-off versus Mason Shaw in Reign zone.
16:20 of 1st period - Icing by Corey Schueneman.
16:21 of 1st period - Martin Pospisil wins face-off versus Ben Meyers in Islanders zone.
16:33 of 1st period - Icing by Martin Pospisil.
16:34 of 1st period - Ben Meyers wins face-off versus Martin Pospisil in Reign zone.
16:35 of 1st period - Wrist shot by Matt Coronato.
16:35 of 1st period - Shot Misses the Net.
16:52 of 1st period - Off-side.
16:53 of 1st period - Jacob Peterson wins face-off versus Nicklas Backstrom in neutral zone.
18:38 of 1st period - Icing by Matthew Strome.
18:39 of 1st period - Nicklas Backstrom wins face-off versus Alex Turcotte in Islanders zone.
Goals for this period are 0 for Reign vs 0 for Islanders.
Shots for this period are 1 for Reign vs 2 for Islanders.
2nd period
0:01 of 2nd period - Ryan Schmelzer wins face-off versus Jacob Peterson in neutral zone.
0:08 of 2nd period - Jacob Peterson is hit by Matt Coronato and loses puck.
0:27 of 2nd period - Icing by Oliver Kylington.
0:28 of 2nd period - Ben Meyers wins face-off versus Martin Pospisil in Reign zone.
0:33 of 2nd period - Wrist shot by Nicklas Backstrom.
0:33 of 2nd period - Stopped by Jet Greaves with a rebound.
0:35 of 2nd period - Wrist shot by Ben Meyers.
0:35 of 2nd period - Shot Blocked by Cal Foote.
0:49 of 2nd period - Ben Meyers is hit by Vinnie Hinostroza and loses puck.
1:24 of 2nd period - Cal Foote is hit by Collin Graf and loses puck.
1:57 of 2nd period - Wrist shot by Mason Shaw.
1:57 of 2nd period - Stopped by Jet Greaves without a rebound.
1:58 of 2nd period - Alex Turcotte wins face-off versus Mason Shaw in Reign zone.
4:01 of 2nd period - Icing by Ethan Del Mastro.
4:02 of 2nd period - Nicklas Backstrom wins face-off versus Martin Pospisil in Islanders zone.
4:02 of 2nd period - Nicklas Backstrom is hit by Rasmus Kupari.
8:31 of 2nd period - Icing by Jacob Peterson.
8:32 of 2nd period - Ben Meyers wins face-off versus Jacob Peterson in Reign zone.
9:13 of 2nd period - Oliver Kylington is hit by Matt Coronato and loses puck.
9:51 of 2nd period - Georgii Merkulov is hit by Mason Shaw and loses puck.
10:02 of 2nd period - Georgii Merkulov is hit by Jackson Cates and loses puck.
10:18 of 2nd period - Icing by Kevin Korchinski.
10:19 of 2nd period - Collin Graf wins face-off versus Carter Mazur in Reign zone.
10:48 of 2nd period - Conor Timmins is hit by Oliver Kylington and loses puck.
11:33 of 2nd period - Jackson Cates is hit by Danil Gushchin and loses puck.
12:12 of 2nd period - Jackson Cates is hit by Pavol Regenda and loses puck.
13:19 of 2nd period - Cal Foote is hit by Ryan Schmelzer and loses puck.
13:53 of 2nd period - Icing by Nikolas Matinpalo.
13:54 of 2nd period - Ben Meyers wins face-off versus Jacob Peterson in Reign zone.
14:05 of 2nd period - Minor Penalty to Oliver Kylington for Slashing.
14:06 of 2nd period - Nicklas Backstrom wins face-off versus Jacob Peterson in Reign zone.
14:07 of 2nd period - Wrist shot by Matt Coronato.
14:07 of 2nd period - Stopped by Jet Greaves with a rebound.
14:09 of 2nd period - Backhand shot by Dylan Coghlan.
14:09 of 2nd period - Shot Misses the Net.
14:11 of 2nd period - Slapshot by Corey Schueneman.
14:11 of 2nd period - Stopped by Jet Greaves with a rebound.
14:13 of 2nd period - Wrist shot by Corey Schueneman.
14:13 of 2nd period - Shot Blocked by Martin Pospisil.
14:15 of 2nd period - Snap shot by Nicklas Backstrom.
14:15 of 2nd period - Shot Misses the Net.
14:17 of 2nd period - Snap shot by Ethan Del Mastro.
14:17 of 2nd period - Deflect By Nicklas Backstrom.
14:17 of 2nd period - Goal by Nicklas Backstrom - Reign : 0 - Islanders : 1.
14:18 of 2nd period - Jacob Peterson wins face-off versus Nicklas Backstrom in neutral zone.
15:38 of 2nd period - Alex Turcotte is hit by Ben Meyers and loses puck.
16:37 of 2nd period - Vinnie Hinostroza is hit by Emil Lilleberg.
16:57 of 2nd period - Nicklas Backstrom is hit by Oliver Kylington and loses puck.
17:31 of 2nd period - Icing by Jackson Cates.
17:32 of 2nd period - Nicklas Backstrom wins face-off versus Carter Mazur in Islanders zone.
17:37 of 2nd period - Carter Mazur is hit by Matt Coronato and loses puck.
18:43 of 2nd period - Pavol Regenda is hit by Jackson Cates and loses puck.
Goals for this period are 0 for Reign vs 1 for Islanders.
Shots for this period are 0 for Reign vs 5 for Islanders.
3rd period
0:01 of 3rd period - Jacob Peterson wins face-off versus Nicklas Backstrom in neutral zone.
0:10 of 3rd period - Wrist shot by Martin Pospisil.
0:10 of 3rd period - Stopped by Hugo Alnefelt with a rebound.
0:12 of 3rd period - Slapshot by Martin Pospisil.
0:12 of 3rd period - Goal by Martin Pospisil - Reign : 1 - Islanders : 1.
0:13 of 3rd period - Nicklas Backstrom wins face-off versus Jacob Peterson in neutral zone.
0:18 of 3rd period - Oliver Kylington is hit by Matt Coronato and loses puck.
0:29 of 3rd period - Dylan Coghlan is hit by Vinnie Hinostroza and loses puck.
1:42 of 3rd period - Cal Foote is hit by Jackson Cates and loses puck.
2:04 of 3rd period - Kevin Korchinski is hit by Matt Coronato and loses puck.
2:35 of 3rd period - Matthew Strome is hit by Alex Turcotte and loses puck.
5:53 of 3rd period - Georgii Merkulov is hit by Jackson Cates and loses puck.
6:23 of 3rd period - Nikolas Matinpalo is hit by Ethan Del Mastro and loses puck.
6:44 of 3rd period - Jacob Peterson is hit by Emil Lilleberg and loses puck.
7:00 of 3rd period - Icing by Oliver Kylington.
7:01 of 3rd period - Ben Meyers wins face-off versus Carter Mazur in Reign zone.
8:44 of 3rd period - Icing by Carter Mazur.
8:45 of 3rd period - Carter Mazur wins face-off versus Ben Meyers in Reign zone.
9:18 of 3rd period - Dylan Coghlan is hit by Cal Foote and loses puck.
9:35 of 3rd period - Wrist shot by Carter Mazur.
9:35 of 3rd period - Shot Misses the Net.
9:37 of 3rd period - Snap shot by Kevin Korchinski.
9:37 of 3rd period - Shot Misses the Net.
9:39 of 3rd period - Snap shot by Pavol Regenda.
9:39 of 3rd period - Stopped by Hugo Alnefelt with a rebound.
12:39 of 3rd period - Jackson Cates is hit by Nick DeSimone and loses puck.
12:58 of 3rd period - Nicklas Backstrom is hit by Carter Mazur.
13:02 of 3rd period - Slapshot by Jacob Bernard-Docker.
13:02 of 3rd period - Stopped by Hugo Alnefelt with a rebound.
15:55 of 3rd period - Icing by Mason Shaw.
15:56 of 3rd period - Collin Graf wins face-off versus Alex Turcotte in Islanders zone.
16:01 of 3rd period - Alex Turcotte is hit by Collin Graf and loses puck.
16:33 of 3rd period - Nick DeSimone is hit by Nicklas Backstrom and loses puck.
17:46 of 3rd period - Slapshot by Conor Timmins.
17:46 of 3rd period - Stopped by Jet Greaves with a rebound.
Goals for this period are 1 for Reign vs 0 for Islanders.
Shots for this period are 4 for Reign vs 1 for Islanders.
Overtime #1
0:01 of 1st overtime period - Mason Shaw wins face-off versus Rasmus Kupari in neutral zone.
0:10 of 1st overtime period - Slapshot by Mason Shaw.
0:10 of 1st overtime period - Shot Misses the Net.
Goals for this period are 0 for Reign vs 0 for Islanders.
Shots for this period are 0 for Reign vs 0 for Islanders.
ShootOut
5:00 of 1st overtime period - Round #1.
5:00 of 1st overtime period - Reign, Georgii Merkulov.
5:00 of 1st overtime period - Snap shot by Georgii Merkulov.
5:00 of 1st overtime period - Goal by Georgii Merkulov.
5:00 of 1st overtime period - Islanders, Nicklas Backstrom.
5:00 of 1st overtime period - Snap shot by Nicklas Backstrom.
5:00 of 1st overtime period - Shot Misses the Net.
5:00 of 1st overtime period - Round #2.
5:00 of 1st overtime period - Reign, Jacob Peterson.
5:00 of 1st overtime period - Backhand shot by Jacob Peterson.
5:00 of 1st overtime period - Stopped by Hugo Alnefelt.
5:00 of 1st overtime period - Islanders, Matt Coronato.
5:00 of 1st overtime period - Snap shot by Matt Coronato.
5:00 of 1st overtime period - Shot Hit the Post.
5:00 of 1st overtime period - Round #3.
5:00 of 1st overtime period - Reign, Martin Pospisil.
5:00 of 1st overtime period - Wrist shot by Martin Pospisil.
5:00 of 1st overtime period - Shot Misses the Net.
5:00 of 1st overtime period - Islanders, Ben Meyers.
5:00 of 1st overtime period - Wrist shot by Ben Meyers.
5:00 of 1st overtime period - Shot Misses the Net.